 Dungeon Crawl Stone Soup version 0.31-a0-1074-g0b22e4e0f1 (webtiles) character file.

Game seed: 9944321884531598504

195 lunkers the Insei (level 6, -2/47 HPs)
             Began as a Meteoran Shapeshifter on Nov 29, 2023.
             Was an Initiate of Gozag.
             Slain by an orc priest
             ... wielding a +0 whip
              (5 damage)
             ... on level 4 of the Dungeon.
             The game lasted 00:01:55 (1320 turns).

lunkers the Insei (Meteoran Shapeshifter)           Turns: 1320, Time: 00:01:56

Health: -2/47      AC:  5    Str: 22    XL:     6   Next: 25%
Magic:  7/7        EV: 11    Int: 11    God:    Gozag
Gold:   64         SH:  0    Dex: 16    Spells: 5/5 levels left

rFire   . .          .
                       - Unarmed
rCold   . . .        (no shield)
rNeg    . . .        k - +0 ring mail
rPois   .            (helmet currently unavailable)
rElec   .            (cloak currently unavailable)
rCorr   .            (gloves currently unavailable)
SInv    .            (boots currently unavailable)
Will    .....        (no amulet)
Stlth   +            o - +6 ring of strength
HPRegen 0.27/turn    (no ring)
MPRegen 0.10/turn

%: no passive effects
@: lethally poisoned (-2 -> -4), beast-form, glowing
A: beast (slay +2), sense surroundings 1, otherworldly, glowing, explore regen
a: Begin Untransformation, Renounce Religion, Potion Petition, Call Merchant,
Bribe Branch


You were on level 4 of the Dungeon.
You worshipped Gozag.
Gozag was noncommittal.
You were a hulking beast.
You visited 1 branch of the dungeon, and saw 4 of its levels.

You collected 102 gold pieces.
You paid 38 gold pieces to Gozag.

Inventory:

Hand Weapons
 e - a +2 hand axe of electrocution
Armour
 a - a +0 animal skin
 k - a +0 ring mail (worn)
Jewellery
 o - a +6 ring of strength (left hand)
Talismans
 c - a beast talisman
 d - a flux talisman
Wands
 n - a wand of paralysis (6)
 q - a wand of mindburst (13)
Scrolls
 i - a scroll of acquirement {unknown}
 j - a scroll of revelation {unknown}
 l - a scroll of identify {unknown}
 p - a scroll of fear {unknown}
 r - a scroll of amnesia {unknown}
Potions
 b - 2 potions of lignification
 f - 2 potions of heal wounds {unknown}
 g - 2 potions of degeneration {unknown}
 h - 2 potions of cancellation {unknown}
 m - a potion of magic {unknown}
 s - a potion of ambrosia {unknown}


   Skills:
 - Level 1.1 Fighting
 - Level 2.1 Dodging
 * Level 6.4 Unarmed Combat
 + Level 5.0 Shapeshifting


You had 5 spell levels left.
You didn't know any spells.
Your spell library was empty.

Dungeon Overview and Level Annotations

Branches:
Dungeon (4/15) Zot: 1089
 Temple: D:4-7

Altars:
Gozag
Xom

Shops:
D:4 =

Annotations:
D:1 1 transporter


Innate Abilities, Weirdness & Mutations

You are a hulking beast.
Your limbs bulge with bestial killing power. (Slay +2)
You passively map a small area around you.
You are easily found by Zot.
You glow in the dark.
You regain HP and MP as you explore.


Message History

You punch the scorpion!
You kill the scorpion!
You feel sick.
Your Shapeshifting skill increases to level 5!
You have reached level 6!
You feel agile.
You hit the orc priest.
The orc priest is moderately wounded.
You feel very sick.
You are too injured to fight recklessly!
You are too injured to fight recklessly!
You closely miss the orc priest.
The orc priest is moderately wounded.
You feel sick.
You barely miss the hobgoblin.
You feel sick. The orc priest misses you. The hobgoblin closely misses you.
You closely miss the hobgoblin.
You feel sick.
The hobgoblin hits you but does no damage.
The orc priest hits you but does no damage.
You hit the hobgoblin.
The hobgoblin is moderately wounded.
You feel sick.
The orc is no longer distracted by gold.
The orc priest hits you with a +0 whip.
* * * LOW HITPOINT WARNING * * *
The hobgoblin misses you.
You punch the orc priest!
The orc priest is almost dead.
You feel sick.
The orc priest calls down the wrath of Beogh upon you.
Beogh smites you!
* * * LOW HITPOINT WARNING * * *
The hobgoblin hits you but does no damage.
You closely miss the orc priest.
The orc priest is almost dead.
* * * LOW HITPOINT WARNING * * *
You feel sick. The hobgoblin barely misses you.
The orc priest hits you with a +0 whip.
You die...
Your body crumbles into a pile of gold.

.......... , , ,
............ , ,, ,
, ............, , *
...........# *
*...........# ** *
..... #<# ,# ,, **
..o #.####.#. *
######g###........
, *
......oh..........
..................
,
...........##.....
,
,........./........
*
...........##.....
, * , ........##.#
.... , ......####.#
### , ...... #.#
... .#


You could see an orc priest, an orc and a hobgoblin.

Vanquished Creatures
  2 scorpions
  An orc wizard (D:4)
  2 ufetubi (D:4)
  A worm (D:2)
  A dart slug (D:4)
  6 ball pythons
  5 endoplasms
  2 giant cockroaches (D:3)
  3 hobgoblins
  A quokka (D:1)
  3 bats
  A frilled lizard (D:1)
  2 goblins
  2 kobolds (D:1)
  2 rats (D:2)
34 creatures vanquished.

Notes
Turn   | Place    | Note
-------+----------+-------------------------------------------
     0 | D:1      | lunkers the Meteoran Shapeshifter began the quest for the
                  | Orb.
     0 | D:1      | Reached XP level 1. HP: 16/16 MP: 2/2
    81 | D:1      | Reached XP level 2. HP: 23/23 MP: 3/3
    95 | D:1      | Reached skill level 4 in Unarmed Combat
   342 | D:2      | Noticed a scorpion
   353 | D:2      | Killed a scorpion
   354 | D:2      | Reached skill level 5 in Unarmed Combat
   354 | D:2      | Reached XP level 3. HP: 7/28 MP: 4/4
   354 | D:2      | Reached XP level 4. HP: 9/35 MP: 5/5
   835 | D:3      | Reached XP level 5. HP: 40/40 MP: 6/6
  1150 | D:4      | Found Teucaog's Jewellery Boutique.
  1240 | D:3      | Found an opulent altar of Gozag.
  1241 | D:3      | Found a shimmering altar of Xom.
  1248 | D:3      | Became a worshipper of Gozag Ym Sagoz the Greedy
  1308 | D:4      | Reached skill level 6 in Unarmed Combat
  1314 | D:4      | Reached skill level 5 in Shapeshifting
  1314 | D:4      | Reached XP level 6. HP: 29/47 MP: 7/7
  1320 | D:4      | Slain by an orc priest

Illustrated notes

Levels and vault maps discovered:
D:1:      spicycebolla_arrival_risky_transporter, layout_basic
D:2:      layout_basic, chequers_serial_rivers_room_b
D:3:      layout_basic, amethyst_overflow_temple_binary,
          hellmonk_ecumenical_altar_prayer_group
D:4:      layout_rooms, riverfiend_overflow_shadow_ancestor, serial_shops,
          nicolae_shop_gaudy_bauble

Skill      XL: |  1  2  3  4  5 |
---------------+----------------+-----
Unarmed Combat | 5 6 |  6.4
Shapeshifting  | 4 5 |  5.0
Fighting       | |  1.1
Dodging        | |  2.1

Action                     |  1- 3 |  4- 6 || total
---------------------------+-------+-------++-------
  Melee: Unarmed           |    42 |    64 ||   106
         Punch             |       |     1 ||     1
 Armour: Animal skin       |    15 |       ||    15
         Ring mail         |     5 |    58 ||    63
  Dodge: Dodged            |    24 |    54 ||    78

Table legend: (Time is in decaauts)
 A = Elapsed time spent in this place.
 B = Non-inter-level travel time spent in this place.
 C = Inter-level travel time spent in this place.
 D = Time resting spent in this place.
 E = Time spent auto-exploring this place.
 F = Levels seen in this place.
 G = Mean time per level.
                   A        B        C        D        E       F      G
               +--------+--------+--------+--------+--------+-----+--------+
         Total |   1309 |   1226 |     83 |      0 |    910 |   4 |  327.2 |
       Dungeon |   1309 |   1226 |     83 |      0 |    910 |   4 |  327.2 |
               +--------+--------+--------+--------+--------+-----+--------+

Top non-repeatable levels by time:
     D:2: 573 daAuts
     D:3: 426 daAuts
     D:1: 252 daAuts
     D:4: 57 daAuts
